 Dungeon Crawl Stone Soup version 0.23-a0-169-gb21e695 (webtiles) character file.

21 Amnesiac the Chiller (level 2, -4/19 HPs)
             Began as a Mummy Ice Elementalist on Sept 11, 2018.
             Slain by a gnoll
             ... wielding a +0 flail
              (6 damage)
             ... on level 2 of the Dungeon.
             The game lasted 00:02:01 (767 turns).

Amnesiac the Chiller (Mummy Ice Elementalist)        Turns: 767, Time: 00:02:02

Health: -4/19      AC:  2    Str: 11    XL:     2   Next: 62%
Magic:  4/6        EV: 12    Int: 14    God:
Gold:   69         SH:  0    Dex: 12    Spells: 6/7 levels left

rFire    x . .     SeeInvis .   g - -1 whip (curse)
rCold    + . .     Gourm    .   (no shield)
rNeg     + + +     Faith    .   a - +0 robe
rPois    ∞         Spirit   .   (no helmet)
rElec    .         Reflect  .   (no cloak)
rCorr    .         Harm     .   (no gloves)
MR       .....                  (no boots)
Stlth    ++........             (no amulet)
HPRegen  0.06/turn              (no ring)
MPRegen  0.10/turn              (no ring)

@: no status effects
A: no food or potions, fire vulnerability, cold resistance 1, negative energy
resistance 3, torment resistance, unbreathing
a: no special abilities


You were on level 2 of the Dungeon.
You were not hungry.

You visited 1 branch of the dungeon, and saw 2 of its levels.

You collected 69 gold pieces.

Inventory:

Hand Weapons
 b - a +0 mace
 g - a cursed -1 whip (weapon)
Missiles
 d - 20 sling bullets
 f - 2 stones (quivered)
Armour
 a - a +0 robe (worn)
Scrolls
 c - 2 scrolls of blinking {!r, unknown}
 e - a scroll of magic mapping {!r}


   Skills:
 - Level 1.5 Dodging
 - Level 1.5 Stealth
 + Level 3.1 Spellcasting
   Level 0.7 Conjurations
 * Level 3.1 Ice Magic


You had 6 spell levels left.
You knew the following spells:

 Your Spells              Type           Power        Failure   Level  Hunger
a - Freeze                Ice            ##..         6%          1    N/A

Your spell library contained the following spells:

 Spells                   Type           Power        Failure   Level  Hunger
 Throw Frost              Conj/Ice       #.....       14%         2    N/A
 Ozocubu's Armour         Chrm/Ice       #.......     32%         3    N/A
 Throw Icicle             Conj/Ice       #.......     67%         4    N/A
 Summon Ice Beast         Ice/Summ       #.......     73%         4    N/A

Dungeon Overview and Level Annotations

Branches:
Dungeon (2/15)

Altars:


Innate Abilities, Weirdness & Mutations

You do not eat or drink.
Your flesh is vulnerable to fire.
You are immune to poison.
Your flesh is cold resistant. (rC+)
You are immune to negative energy. (rN+++)
You are immune to unholy pain and torment.
You can survive without breathing.


Message History

Press: ? - help, Shift-Dir - straight line, f/p - gnoll
Aim: a gnoll, wielding a flail (moderately wounded)
You freeze the gnoll.
The gnoll is heavily wounded.
The gnoll hits you with a flail!
* * * LOW HITPOINT WARNING * * *
Casting: Freeze (safe; 7% risk of failure)
Confirm with . or Enter, or press ? or * to list all spells.
Aiming: Freeze (safe; 7% risk of failure)
Press: ? - help, Shift-Dir - straight line, f/p - gnoll
Aim: a gnoll, wielding a flail (heavily wounded)
You freeze the gnoll.
The gnoll is almost dead.
The gnoll hits you with a flail.
* * * LOW HITPOINT WARNING * * *
Casting: Freeze (safe; 7% risk of failure)
Confirm with . or Enter, or press ? or * to list all spells.
You don't have enough magic to cast that spell.
Casting: Freeze (safe; 7% risk of failure)
Confirm with . or Enter, or press ? or * to list all spells.
You can't see any susceptible monsters within range! (Use Z to cast anyway.)
Casting: Freeze (safe; 7% risk of failure)
Confirm with . or Enter, or press ? or * to list all spells.
You can't see any susceptible monsters within range! (Use Z to cast anyway.)
Casting: Freeze (safe; 7% risk of failure)
Confirm with . or Enter, or press ? or * to list all spells.
Aiming: Freeze (safe; 7% risk of failure)
Press: ? - help, Shift-Dir - straight line, f/p - gnoll
Aim: a gnoll, wielding a flail (almost dead)
You freeze the gnoll.
You kill the gnoll!
Your Spellcasting skill increases to level 3!
Your Ice Magic skill increases to level 3!
You start resting.
The gnoll is too close now for your liking.
A gnoll comes into view. It is wielding a spear.
The gnoll shouts! x2; You hear a shout!
Found 13 gold pieces.
You see here 13 gold pieces.
A bat comes into view.
The bat barely misses you.
Autopickup is now off.
The bat hits you but does no damage. The bat hits you.
* * * LOW HITPOINT WARNING * * *
The bat barely misses you. The bat closely misses you.
The bat barely misses you. The bat closely misses you.
The bat hits you but does no damage.
Casting: Freeze (safe; 6% risk of failure)
Confirm with . or Enter, or press ? or * to list all spells.
Aiming: Freeze (safe; 6% risk of failure)
Press: ? - help, Shift-Dir - straight line, f - bat
Aim: a bat You freeze the bat.
You kill the bat!
Found 13 stones.
A quokka comes into view.
The quokka bites you but does no damage.
The gnoll shouts!
The quokka bites you but does no damage.
You hit the gnoll but do no damage. The quokka bites you.
* * * LOW HITPOINT WARNING * * *
The gnoll hits you with a flail.
You die...

... .# #. . ......#.
#.# .. P..P..... #.#
.......... #.# ###....
.# #.# #.....###.##.##
# #.###.#.#.##.......
#.##..g.......<.######
#....@##.#.#.##.#.....
####r###.....##.#!....
##.#####.####)#.....
##...####.####.#.....
#..#.g..#.....g#.....
#.$..##.######.#.....
#.#.###.# #.g.....
#.#.# #g# #.#.....
#.#.# #.# #.######


You could see a gnoll and a quokka.

Vanquished Creatures
  A gnoll (D:2)
  A bat (D:2)
  A goblin (D:1)
  2 hobgoblins (D:1)
  3 jackals (D:1)
  A kobold (D:1)
  2 rats (D:1)
11 creatures vanquished.

Notes
Turn   | Place    | Note
-------+----------+-------------------------------------------
     0 | D:1      | Amnesiac the Mummy Ice Elementalist began the quest for the
                  | Orb.
     0 | D:1      | Reached XP level 1. HP: 13/13 MP: 4/4
   132 | D:2      | Found a faded altar of an unknown god.
   635 | D:1      | Reached XP level 2. HP: 19/19 MP: 1/5
   767 | D:2      | Slain by a gnoll

Vault maps used:
D:1:      ncdulo_lavacross
D:2:      chequers_ecumenical_altar_twisty, minmay_misc_feat_plants,
          minivault_25, minmay_misc_feat_iff, uniq_jessica, uniq_sigmund,
          uniq_crazy_yiuf_cottage

Skill      XL: |  1  2 |
---------------+-------+-----
Spellcasting   | 3 |  3.1
Ice Magic      | 3 |  3.1
Dodging        | |  1.5
Stealth        | |  1.5
Conjurations   | |  0.7

Action                   || total
-------------------------++-------
Melee: Whip              ||     3
 Cast: Freeze            ||    23
  Use: Scroll            ||     4
Armor: Robe              ||    10
Dodge: Dodged            ||    33

Table legend:
 A = Non-vault XP
 B = Vault XP
 C = Vault XP percentage of total XP
 D = Non-vault monster count
 E = Vault monster count
 F = Vault count percentage of total count
                 A         B        C        D         E       F
            +---------+---------+-------+---------+---------+-------
      Total |      30 |       0 |   0.0 |      11 |       0 |   0.0
            +---------+---------+-------+---------+---------+-------
        D:1 |      15 |       0 |   0.0 |       9 |       0 |   0.0
        D:2 |      15 |       0 |   0.0 |       2 |       0 |   0.0
            +---------+---------+-------+---------+---------+-------
